 Dungeon Crawl Stone Soup version 0.21-a0-404-g291f19a (webtiles) character file.

27617 kae the Geomancer (level 13, 0/83 HPs)
             Began as a Gargoyle Earth Elementalist on Oct 26, 2017.
             Was an Elder of Vehumet.
             Killed from afar by a frost giant (23 damage)
             ... with a bolt of cold
             ... in an ice cave.
             The game lasted 00:31:30 (20476 turns).

kae the Geomancer (Gargoyle Earth Elementalist)    Turns: 20476, Time: 00:31:30

Health: 0/83       AC: 12    Str: 16    XL:     13   Next: 33%
Magic:  15/26      EV: 12    Int: 21    God:    Vehumet [****..]
Gold:   602        SH:  5    Dex: 13    Spells: 16/31 levels left

rFire    + . .     SeeInvis .   F - +8 whip "Snakebite" {curare, rPois}
rCold    + . .     Gourm    +   E - +0 buckler
rNeg     + + .     Faith    .   s - +1 robe of Duck's Teeth {rPois MR+ Str+4}
rPois    ∞         Spirit   .   (no helmet)
rElec    +         Reflect  .   H - scarf {rC+ rF+}
rCorr    .         Harm     .   (no gloves)
MR       +....                  (no boots)
Stlth    +.........             M - amulet of the gourmand
HPRegen  0.00/turn              h - ring of positive energy
MPRegen  0.20/turn              q - +3 ring of dexterity

@: hasted, slow
A: talons 1, mutation resistance 1, negative energy resistance 1, electricity
resistance, inhibited regeneration, unbreathing, petrification resistance, rot
immunity, AC +9
a: Renounce Religion


You were in an ice cave.
You worshipped Vehumet.
Vehumet was greatly pleased with you.
You were completely stuffed.

You visited 3 branches of the dungeon, and saw 14 of its levels.
You also visited: Ice Cave.

You collected 819 gold pieces.
You spent 217 gold pieces at shops.

Inventory:

Hand Weapons
 p - a +2 short sword of venom
 F - the +8 whip "Snakebite" (weapon) {curare, rPois}
   (You found it on level 1 of the Lair of Beasts)

   It poisons the flesh of those it strikes.
   It protects you from poison.
Missiles
 b - 398 stones (quivered)
Armour
 c - a +0 robe
 s - the +1 robe of Duck's Teeth (worn) {rPois MR+ Str+4}
   (You found it on level 4 of the Dungeon)

   It affects your strength (+4).
   It protects you from poison.
   It affects your resistance to hostile enchantments.
 x - the +1 shield of the Crypt {Slay+2 SInv}
   (You found it on level 4 of the Dungeon)

   It affects your accuracy and damage with ranged weapons and melee attacks
   (+2).
   It lets you see invisible.
 E - a +0 buckler (worn)
 H - a scarf of resistance (worn)
Jewellery
 h - a ring of positive energy (left hand)
 m - an uncursed amulet of guardian spirit
 q - a +3 ring of dexterity (right hand)
 L - an uncursed amulet of harm
 M - an amulet of the gourmand (around neck)
Wands
 y - a wand of confusion (11/48)
 C - a wand of random effects (37/48)
 D - a wand of polymorph (18/24)
 J - a wand of flame (13/48)
 O - a wand of flame (21/48)
 P - a wand of paralysis (21/24)
 R - a wand of acid (3/15)
Scrolls
 f - 3 scrolls of fog
 o - 2 scrolls of teleportation
 t - 10 scrolls of remove curse
 v - a scroll of amnesia
 w - a scroll of recharging
 Q - a scroll of magic mapping
Potions
 g - a potion of resistance
 i - 2 potions of flight
 j - 4 potions of agility {unknown}
 l - 2 potions of mutation
 n - 3 potions of haste
 r - 3 potions of ambrosia
 u - 3 potions of berserk rage
 z - 7 potions of curing
 A - 3 potions of might
 G - 2 potions of lignification
 I - 2 potions of brilliance
 S - a potion of magic
 T - a potion of cancellation
Books
 e - a book of Geomancy

   Spells                             Type                      Level
   a - Sandblast                      Earth                        1
   b - Passwall                       Transmutation/Earth          2
   c - Stone Arrow                    Conjuration/Earth            3
   d - Petrify                        Transmutation/Earth          4
   e - Lee's Rapid Deconstruction     Earth                        5
 K - a book of Changes

   Spells                             Type                      Level
   a - Beastly Appendage              Transmutation                1
   b - Sticks to Snakes               Transmutation                2
   c - Spider Form                    Transmutation/Poison         3
   d - Ice Form                       Ice/Transmutation            4
   e - Blade Hands                    Transmutation                5
Comestibles
 a - 11 meat rations
 d - 10 bread rations
 k - a royal jelly
 B - 12 fruits


   Skills:
 + Level 10.3 Fighting
 - Level 7.4 Short Blades
 + Level 4.8 Maces & Flails
 + Level 1.7 Armour
 + Level 2.2 Dodging
 - Level 2.1 Stealth
 - Level 4.0 Shields
 + Level 9.5 Spellcasting
 + Level 10.6 Conjurations
 - Level 0.7 Transmutations
 + Level 12.3 Earth Magic


You had 16 spell levels left.
You knew the following spells:

 Your Spells              Type           Power        Failure   Level  Hunger
a - Sandblast             Erth           ######       1%          1    None
b - Stone Arrow           Conj/Erth      ######       1%          3    None
c - Lee's Rapid Deconstr  Erth           ######....   1%          5    ####...
d - Passwall              Tmut/Erth      #####.....   1%          2    None
e - Petrify               Tmut/Erth      #####...     4%          4    ##.....


Dungeon Overview and Level Annotations

Branches:
Dungeon (10/15)            Temple (1/1) D:6            Lair (3/6) D:9
    Orc (0/2) D:10
  Swamp: Lair:2-4    Shoals: Lair:2-4     Snake: Lair:2-4    Spider: Lair:2-4

Altars:
Ashenzari
Cheibriados
Dithmenos
Elyvilon
Fedhas
Gozag
Hepliaklqana
Kikubaaqudgha
Makhleb
Nemelex Xobeh
Okawaru
Qazlal
Ru
Sif Muna
Trog
Uskayaw
Vehumet
Wu Jian
Xom
Yredelemnul
Zin
The Shining One
Beogh

Shops:
D:8 :!*


Innate Abilities, Weirdness & Mutations

You are resistant to torment.
Your stone body is resilient. (AC +9)
You are immune to poison.
You resist negative energy. (rN+)
You are resistant to electric shocks. (rElec)
You can survive without breathing.
You are immune to petrification.
You are immune to rotting.
You have sharp toenails.
You are somewhat resistant to further mutation.
You do not regenerate when monsters are visible.


Message History

The bolt of cold misses you.
Really walk into that cloud of freezing vapour? [Y]es or [N]o only, please.
Really walk into that cloud of freezing vapour?
Okay, then.
Unknown command.
Really walk into that cloud of freezing vapour?
You enter the shallow water.
Moving in this stuff is going to be slow.
You are engulfed in freezing vapours.
You resist.
All of the chunks of flesh in your inventory have rotted away.
The frost giant gestures at you while chanting.
The bolt of cold misses you.
You are engulfed in freezing vapours.
You resist.
The frost giant points at you and mumbles some strange words.
The bolt of cold hits you! You resist.
* * * LOW HITPOINT WARNING * * *
The frost giant casts a spell at you. The bolt of cold hits you! You resist.
You die...

# ####### #######
≈≈≈≈≈≈≈## #..#...
#≈≈≈####### #..##
###≈≈≈#≈≈.#####..#
##≈§C≈#≈..##..##
####§§#≈≈≈##C..###
##.@§####≈≈≈#####
###### #..###
≈≈≈≈#≈≈#
###..÷.###
##..###≈≈≈≈≈≈≈≈≈
#...##...###
##..####≈≈≈≈≈≈≈≈
..#.####...##
#..### ##≈≈#≈#≈≈
.###.####...#
##...## ##≈≈≈≈≈#
###.###...###
###..# ..####..###
#...## ### #....##
###..##


You could see a frost giant.

Vanquished Creatures
  The ghost of Shymer the Fighter, a journeyman OgBe of Trog (Lair:2)
  Erolcha (D:9)
  4 hydras
  A queen ant (Lair:2)
  Sonja (Lair:1)
  An ugly thing (D:10)
  6 centaur zombies
  A centaur skeleton (D:7)
  An ice statue (IceCv)
  2 spiny frogs
  3 rime drakes
  3 komodo dragons
  8 polar bears (IceCv)
  A hippogriff (D:9)
  2 blink frogs (Lair:3)
  A wyvern (Lair:1)
  22 yaks
  Grum (D:8)
  17 soldier ants (Lair:2)
  Duvessa (D:6)
  11 water moccasins
  6 porcupines
  A black bear (D:7)
  3 orc warriors (D:10)
  A necrophage (D:6)
  2 ice beasts
  5 ogres
  A phantom (D:6)
  2 sky beasts
  23 wolves
  2 centaurs
  5 crocodiles
  11 bullfrogs
  Dowan (D:6)
  10 killer bees
  5 scorpions
  A howler monkey (D:4)
  12 wights
  4 crimson imps
  A quasit (D:10)
  5 hounds
  A jelly (D:10)
  8 orc priests
  3 bullfrog skeletons
  Jessica (D:2)
  3 iguanas
  Terence (D:2)
  8 orc wizards
  33 worker ants
  A hound skeleton (D:8)
  A howler monkey zombie (D:5)
  A worker ant zombie (D:5)
  Robin (D:4)
  3 gnolls
  14 adders
  5 shadow imps
  An adder zombie (D:5)
  3 adder skeletons
  3 dart slugs
  2 leopard geckos
  39 orcs
  5 bats
  9 giant cockroaches
  13 goblins
  11 hobgoblins
  12 jackals
  3 quokkas
  2 ball pythons
  5 frilled lizards
  12 kobolds
  A quokka zombie (D:9)
  8 rats
403 creatures vanquished.

Vanquished Creatures (others)
  A death yak (IceCv)
  4 polar bears (IceCv)
  A fungus (Lair:2)
  2 plants
8 creatures vanquished.

Grand Total: 411 creatures vanquished

Notes
Turn   | Place    | Note
-------+----------+-------------------------------------------
     0 | D:1      | kae the Gargoyle Earth Elementalist began the quest for the Orb.
     0 | D:1      | Reached XP level 1. HP: 10/10 MP: 3/3
   428 | D:1      | Reached XP level 2. HP: 13/15 MP: 5/5
   450 | D:1      | Reached skill level 4 in Earth Magic
   786 | D:1      | Reached XP level 3. HP: 19/19 MP: 6/6
  1860 | D:2      | Reached XP level 4. HP: 23/24 MP: 5/8
  1979 | D:2      | Learned a level 3 spell: Stone Arrow
  2033 | D:2      | Noticed Jessica
  2042 | D:2      | Killed Jessica
  2042 | D:2      | Reached skill level 5 in Earth Magic
  2074 | D:2      | Reached skill level 1 in Conjurations
  2177 | D:2      | Found a bloodstained altar of Trog.
  2294 | D:2      | Noticed Terence
  2302 | D:2      | Killed Terence
  2302 | D:2      | Reached XP level 5. HP: 28/28 MP: 1/10
  2604 | D:3      | Found a hide-covered altar of Uskayaw.
  2667 | D:3      | Found an opulent altar of Gozag.
  2759 | D:3      | Reached skill level 1 in Fighting
  2759 | D:3      | Reached XP level 6. HP: 16/34 MP: 0/11
  3199 | D:3      | Found a deep blue altar of Sif Muna.
  3321 | D:4      | Noticed Robin
  3362 | D:4      | Reached skill level 1 in Short Blades
  3368 | D:4      | Killed Robin
  3535 | D:4      | Got a dull robe
  3546 | D:4      | Identified the +1 robe of Duck's Teeth {rPois MR+ Str+4} (You found it on level 4 of the Dungeon)
  3807 | D:4      | Reached XP level 7. HP: 29/40 MP: 4/13
  3814 | D:4      | Reached skill level 6 in Earth Magic
  4248 | D:4      | Got a polished shield
  4254 | D:4      | Identified the +1 shield of the Crypt {Slay+2 SInv} (You found it on level 4 of the Dungeon)
  4269 | D:5      | Entered Level 5 of the Dungeon
  4350 | D:5      | Found a blossoming altar of Fedhas.
  4564 | D:5      | Reached XP level 8. HP: 35/46 MP: 2/14
  4875 | D:5      | Found a shimmering altar of Xom.
  5040 | D:5      | Reached skill level 7 in Earth Magic
  5449 | D:5      | Reached skill level 5 in Spellcasting
  5893 | D:6      | Noticed Dowan
  5894 | D:6      | Noticed Duvessa
  5901 | D:6      | Killed Dowan
  5911 | D:6      | Killed Duvessa
  6019 | D:6      | Reached skill level 5 in Conjurations
  6161 | D:6      | Found a staircase to the Ecumenical Temple.
  6233 | Temple   | Entered the Ecumenical Temple
  6440 | Temple   | Became a worshipper of Vehumet
  6520 | D:6      | Reached XP level 9. HP: 45/52 MP: 13/17
  6652 | D:7      | Found a white marble altar of Elyvilon.
  6834 | D:7      | Reached skill level 5 in Fighting
  6842 | D:7      | Reached skill level 8 in Earth Magic
  7311 | D:7      | Reached * piety under Vehumet
  7311 | D:7      | Offered knowledge of Shock by Vehumet.
  7778 | D:7      | Noticed a hellwing
  7952 | D:7      | Reached skill level 5 in Short Blades
  7952 | D:7      | Reached XP level 10. HP: 47/60 MP: 7/19
  8041 | D:7      | Reached skill level 9 in Earth Magic
  8463 | D:7      | HP: 2/61 [hellwing (8)]
  8471 | D:7      | HP: 2/61 [hellwing (1)]
  9157 | D:7      | HP: 3/63 [hellwing (2)]
  9485 | D:8      | Found Rymo's Assorted Antiques.
  9493 | D:8      | Bought a red potion for 27 gold pieces
  9493 | D:8      | Bought a fuming silvery potion for 27 gold pieces
  9493 | D:8      | Bought a scroll labeled QAPLOF WAMNA for 31 gold pieces
  9493 | D:8      | Bought a metallic inky potion for 27 gold pieces
  9493 | D:8      | Bought a murky golden potion for 27 gold pieces
  9496 | D:8      | Gained mutation: You do not regenerate when monsters are visible. [potion of mutation]
  9496 | D:8      | Gained mutation: You have sharp toenails. [potion of mutation]
  9496 | D:8      | Gained mutation: You are somewhat resistant to further mutation. [potion of mutation]
  9552 | D:8      | Found Mudom's Distillery.
  9556 | D:8      | Bought a potion of curing for 39 gold pieces
  9556 | D:8      | Bought a potion of curing for 39 gold pieces
  9598 | D:8      | Noticed Grum
  9618 | D:8      | Killed Grum
  9872 | D:8      | Found Vagiz's Book Shoppe.
 10227 | D:8      | Reached ** piety under Vehumet
 10227 | D:8      | Offered knowledge of Searing Ray by Vehumet.
 10540 | D:9      | Noticed Erolcha
 10567 | D:8      | Reached skill level 10 in Earth Magic
 10567 | D:8      | Reached XP level 11. HP: 35/67 MP: 6/22
 10978 | D:9      | Found a basalt altar of Yredelemnul.
 10981 | D:9      | Found a glowing golden altar of the Shining One.
 11281 | D:9      | Noticed a profane servitor
 11283 | D:9      | You fall through a shaft!
 11283 | D:10     | Entered Level 10 of the Dungeon
 11456 | D:9      | Found a staircase to the Lair.
 11662 | D:9      | Killed Erolcha
 11697 | D:9      | Noticed an angel
 11754 | D:10     | Offered knowledge of Ignite Poison by Vehumet.
 11839 | D:10     | Noticed a purple ugly thing
 11960 | D:9      | Learned a level 5 spell: Lee's Rapid Deconstruction
 11963 | D:9      | Learned a level 2 spell: Passwall
 12318 | D:10     | Found a staircase to the Orcish Mines.
 12319 | D:10     | Found a roughly hewn altar of Beogh.
 12324 | D:10     | Reached *** piety under Vehumet
 12611 | D:10     | Killed a purple ugly thing
 13094 | Lair:1   | Entered Level 1 of the Lair of Beasts
 13094 | Lair:1   | Noticed Sonja
 13094 | Lair:1   | Noticed a seven-headed hydra
 13096 | Lair:1   | Noticed a four-headed hydra
 13880 | D:9      | HP: 1/69 [four-headed hydra (3)]
 13881 | D:9      | Killed a four-headed hydra
 14206 | Lair:1   | Noticed a seven-headed hydra
 14211 | Lair:1   | Killed a seven-headed hydra
 14656 | Lair:1   | Reached skill level 11 in Earth Magic
 14659 | Lair:1   | Offered knowledge of Inner Flame by Vehumet.
 14999 | Lair:1   | Found the +8 whip "Snakebite" {curare, rPois}
 15018 | Lair:1   | Reached XP level 12. HP: 55/75 MP: 21/24
 15830 | Lair:1   | Killed Sonja
 15830 | Lair:1   | Reached skill level 1 in Maces & Flails
 15830 | Lair:1   | Reached skill level 1 in Shields
 15914 | Lair:2   | Noticed a six-headed hydra
 15921 | Lair:2   | Killed a six-headed hydra
 15999 | Lair:2   | Killed a seven-headed hydra
 16013 | Lair:2   | Noticed Shymer's ghost (journeyman OgBe)
 16239 | Lair:2   | Killed Shymer's ghost
 16806 | Lair:2   | Noticed a queen ant
 16820 | Lair:2   | Killed a queen ant
 16874 | Lair:2   | Reached **** piety under Vehumet
 16897 | Lair:2   | Offered knowledge of Mephitic Cloud by Vehumet.
 17301 | Lair:2   | Reached skill level 10 in Conjurations
 18204 | Lair:3   | Found a frozen archway.
 18211 | Lair:3   | Reached skill level 12 in Earth Magic
 18218 | IceCv    | Entered an ice cave
 18526 | IceCv    | Reached skill level 10 in Fighting
 18532 | IceCv    | Reached XP level 13. HP: 57/82 MP: 19/26
 19056 | IceCv    | HP: 1/82 [rime drake/flash freeze (15)]
 19057 | IceCv    | Reached skill level 1 in Armour
 19869 | IceCv    | Noticed a frost giant
 20443 | IceCv    | Learned a level 4 spell: Petrify
 20476 | IceCv    | Killed from afar by a frost giant

Vault maps used:
D:1:      zaba_arrival_water, roderic_roman_lattice, minmay_pentomino_z2
D:2:      bloody_trog, uniq_jessica, uniq_terence
D:3:      grunt_gozag_statues, nicolae_overflow_crystal_walls,
          lemuel_blue_sif_altar, first_bread
D:4:      grunt_decor_cap, uniq_robin
D:5:      xom_butterflies, fedhas_altar_2
D:6:      minmay_temple_entry_hall, hangedman_decor_growths, uniq_duvessa
D:7:      cheibrodos_grave_circle, lemuel_crystal_altar, grunt_ogre_cave
D:8:      serial_shops, nicolae_shop_trees, kennysheep_little_box, shop,
          uniq_grum
D:9:      grunt_temple_overflow_holy_war, david_lair_shrubbed, uniq_erolcha
D:10:     david_orc_5
Temple:   eino_narrow_crystal_temple
Lair:1:   minmay_guarded_unrand_snakebite, lemuel_fruit_fields, uniq_sonja
Lair:2:   zaba_anthell, grunt_megastairs_5
Lair:3:   minmay_swamp_entry_worms, portal_ice_cave_rime, serial_bayou_pond_a
IceCv:    ice_cave_caverns_03

Skill      XL: |  1  2  3  4  5  6  7  8  9 10 11 12 13 |
---------------+----------------------------------------+-----
Earth Magic    | 4 5 6 7 8 10 11 12 | 12.3
Spellcasting   | 3 4 5 6 7 8 9 |  9.5
Conjurations   | 1 2 3 5 6 7 9 10 | 10.6
Fighting       | 1 2 3 4 6 7 8 10 | 10.3
Short Blades   | 1 2 3 5 6 7 |  7.4
Maces & Flails | 4 |  4.8
Shields        | 4 |  4.0
Armour         | 1 |  1.7
Dodging        | 2 |  2.2
Stealth        | |  2.1
Transmutations | |  0.7

Action                   |  1- 3 |  4- 6 |  7- 9 | 10-12 | 13-15 || total
-------------------------+-------+-------+-------+-------+-------++-------
Melee: Unarmed           |   118 |       |       |       |       ||   118
       Dagger            |    36 |    48 |       |       |       ||    84
       Short sword       |       |   167 |   355 |   353 |       ||   875
       Kick              |       |       |       |   107 |    27 ||   134
       Whip              |       |       |       |   152 |    97 ||   249
 Cast: Sandblast         |    22 |    18 |    65 |   142 |    25 ||   272
       Stone Arrow       |       |     3 |    30 |   123 |    19 ||   175
       Passwall          |       |       |       |     5 |       ||     5
       Lee's Rapid Decon |       |       |       |     1 |     3 ||     4
       Petrify           |       |       |       |       |     4 ||     4
  Use: Scroll            |     3 |     3 |     9 |    13 |     1 ||    29
       Potion            |     1 |       |       |    12 |     2 ||    15
 Stab: Sleeping          |     4 |     3 |     2 |       |       ||     9
       Distracted        |       |       |       |     3 |       ||     3
  Eat: Chunk             |     3 |     7 |    14 |    32 |    11 ||    67
       Royal jelly       |       |       |       |     3 |       ||     3
       Fruit             |       |       |       |     1 |       ||     1
Armor: Robe              |    67 |    89 |   186 |   257 |    39 ||   638
Dodge: Dodged            |   138 |   175 |   278 |   388 |    55 ||  1034
Block: Buckler           |       |       |       |    44 |    15 ||    59

Table legend:
 A = Spawn XP
 B = Non-spawn XP
 C = Spawn XP percentage of total XP
 D = Spawn monster count
 E = Non-spawn monster count
 F = Spawn count percentage of total count
 G = Total turns spent on level
                    A         B        C        D         E        F      G
               +---------+---------+-------+---------+---------+-------+---------
         Total |       0 |   39453 |   0.0 |       0 |     403 |   0.0 | 20476
               +---------+---------+-------+---------+---------+-------+---------
           D:1 |       0 |      72 |   0.0 |       0 |      29 |   0.0 |  1833
           D:2 |       0 |     132 |   0.0 |       0 |      20 |   0.0 |   670
           D:3 |       0 |     145 |   0.0 |       0 |      24 |   0.0 |   959
           D:4 |       0 |     422 |   0.0 |       0 |      28 |   0.0 |   991
           D:5 |       0 |    1079 |   0.0 |       0 |      29 |   0.0 |  1383
           D:6 |       0 |    1212 |   0.0 |       0 |      29 |   0.0 |  1705
           D:7 |       0 |    4637 |   0.0 |       0 |      41 |   0.0 |  2020
           D:8 |       0 |    1542 |   0.0 |       0 |      14 |   0.0 |  1396
           D:9 |       0 |    3450 |   0.0 |       0 |      21 |   0.0 |  1758
          D:10 |       0 |    2050 |   0.0 |       0 |      35 |   0.0 |  1258
        Lair:1 |       0 |    5371 |   0.0 |       0 |      28 |   0.0 |  2111
        Lair:2 |       0 |    8649 |   0.0 |       0 |      51 |   0.0 |  1652
        Lair:3 |       0 |    2657 |   0.0 |       0 |      14 |   0.0 |   259
         IceCv |       0 |    8035 |   0.0 |       0 |      40 |   0.0 |  2258
               +---------+---------+-------+---------+---------+-------+---------
